 Dungeon Crawl Stone Soup version 0.24.0-5-g267a8d59f4 (webtiles) character file.

Game seed: 1748363609546202924, levelgen mode: deterministic

64 wullow the Sneak (level 4, 0/42 HPs)
             Began as a Naga Wanderer on Nov 2, 2019.
             Slain by an orc
             ... wielding a cursed +0 short sword
              (3 damage)
             ... on level 2 of the Dungeon.
             The game lasted 00:02:42 (843 turns).

wullow the Sneak (Naga Wanderer)                     Turns: 843, Time: 00:02:43

Health: 0/42       AC:  6    Str: 14    XL:     4   Next: 12%
Magic:  4/4        EV:  4    Int: 14    God:
Gold:   47         SH:  0    Dex: 10    Spells: 3/3 levels left

rFire    . . .     SeeInvis +   a - +2 hand axe
rCold    . . .     Gourm    .   (no shield)
rNeg     . . .     Faith    .   k - +0 chain mail
rPois    +         Spirit   .   i - +1 hat
rElec    .         Reflect  .   (no cloak)
rCorr    .         Harm     .   (no gloves)
MR       .....                  (no barding)
Stlth    ..........             (no amulet)
HPRegen  0.14/turn              (no ring)
MPRegen  0.09/turn              (no ring)

@: flying, very slightly contaminated, invisible, very slow
A: large, see invisible, deformed body, poison resistance, slowness 2, slow
metabolism 1, spit poison 1, AC +1
a: Spit Poison


You were on level 2 of the Dungeon.
You were not hungry.

You visited 1 branch of the dungeon, and saw 2 of its levels.

You collected 47 gold pieces.

Inventory:

Hand Weapons
 a - a +2 hand axe (weapon)
 b - a +0 short sword
 e - a +0 dagger
Missiles
 g - 37 stones (quivered)
Armour
 d - a +0 robe
 i - a +1 hat (worn)
 k - a +0 chain mail (worn)
Scrolls
 c - a scroll of teleportation
 l - a scroll of identify {unknown}
 n - 3 scrolls of fear {unknown}
 o - a scroll of amnesia {unknown}
Comestibles
 f - 4 rations
 j - 2 chunks of flesh


   Skills:
 + Level 3.5 Fighting
 * Level 3.2 Axes
   Level 1.0 Staves
 - Level 1.0 Throwing
 - Level 1.0 Armour
 + Level 4.4 Stealth


You had 3 spell levels left.
You didn't know any spells.
Your spell library was empty.

Dungeon Overview and Level Annotations

Branches:
Dungeon (2/15)

Altars:


Innate Abilities, Weirdness & Mutations

You cannot wear boots.
Your serpentine skin is tough. (AC +1)
You have supernaturally acute eyesight. (SInv)
Armour fits poorly on your strangely shaped body.
Your system is resistant to poisons. (rPois)
You cover ground very slowly.
You have a slow metabolism.
You can spit poison.


Message History

You fade into invisibility!
The orc hits you but does no damage. The orc wizard barely misses you.
You are very lightly contaminated with residual magic.
You catch the helpless orc wizard completely off-guard!
You hit the orc wizard.
You kill the orc wizard!
Your Axes skill increases to level 3!
You have reached level 4!
You feel agile.
You hit the orc but do no damage.
Your chain mail prevents you from hitting the orc.
The orc barely misses you. The orc hits you but does no damage.
You closely miss the orc.
You catch the helpless orc completely off-guard!
You hit the orc but do no damage. The orc barely misses you. x2
You hit the orc but do no damage.
The orc is moderately wounded.
You closely miss the orc.
The orc hits you with a cursed +0 short sword.
You die...

##.....#..............##
.......#................
.......#.†######.####...
..........# #... +...
#######...###########...
#.....%[.......###
#......#### # #..>....#
#@o)....# #)o..)..#
.............#
.....)...........
...........>......
.......##.........
.......##.........
.......#####......
....... ......


You could see 2 orcs.

Vanquished Creatures
  An orc wizard (D:2)
  An ooze (D:2)
  2 dart slugs (D:1)
  2 orcs (D:2)
  3 hobgoblins
  5 bats (D:1)
  2 frilled lizards (D:1)
  2 goblins
  7 kobolds
  A rat (D:1)
26 creatures vanquished.

Notes
Turn   | Place    | Note
-------+----------+-------------------------------------------
     0 | D:1      | wullow the Naga Wanderer began the quest for the Orb.
     0 | D:1      | wullow set off with the following items: a +2 hand axe, a
                  | +0 short sword, a scroll of teleportation, a +0 robe, a +0
                  | dagger, a ration
     0 | D:1      | Reached XP level 1. HP: 21/21 MP: 1/1
   243 | D:1      | Reached XP level 2. HP: 27/28 MP: 2/2
   788 | D:2      | Reached XP level 3. HP: 29/34 MP: 3/3
   803 | D:2      | Reached skill level 4 in Stealth
   841 | D:2      | Reached XP level 4. HP: 2/42 MP: 4/4
   843 | D:2      | Slain by an orc

Levels and vault maps discovered:
D:1:      giann_wishing_wells, layout_basic, minivault_23
D:2:      layout_basic, nemelex_altar_shiori

Skill      XL: |  1  2  3 |
---------------+----------+-----
Stealth        | 4 |  4.4
Axes           | 3 |  3.2
Fighting       | |  3.5
Staves         | |  1.0
Throwing       | |  1.0
Armour         | |  1.0

Action                   |  1- 3 |  4- 6 || total
-------------------------+-------+-------++-------
Melee: Hand axe          |    76 |     2 ||    78
  Use: Potion            |     2 |       ||     2
 Stab: Sleeping          |     4 |       ||     4
       Invisible         |     1 |     1 ||     2
Armor: Robe              |    11 |       ||    11
       Chain mail        |    37 |     1 ||    38
Dodge: Dodged            |    31 |     3 ||    34
